 Dungeon Sprint DCSS version 0.26-a0-660-gc07710193c (webtiles) character file.

Game seed: 7299161993786266394

65118 sahdkjhfkaj the Cloud Mage (level 15, -8/104 HPs)
             Began as a Tengu Air Elementalist on Oct 7, 2020.
             Was the Champion of Sif Muna.
             Hit by a large rock thrown by a stone giant (41 damage)
             ... in the Dungeon (Sprint IX: "|||||||||||||||||||||||||||||").
             The game lasted 00:19:58 (15483 turns).

sahdkjhfkaj the Cloud Mage (TeAE)                  Turns: 15483, Time: 00:19:58

Health: -8/104     AC:  6    Str:  8    XL:     15   Next: 15%
Magic:  7/35       EV: 24    Int: 21    God:    Sif Muna [******]
Gold:   1917       SH:  0    Dex: 16    Spells: 4/45 levels left

rFire    . . .     SeeInvis +   k - +2 scimitar (flame)
rCold    . . .     Faith    .   (no shield)
rNeg     . . .     Spirit   .   u - +2 robe "Vusiskev" {+Blink rElec Slay+3 Stlth+}
rPois    +         Reflect  .   q - +2 hat {SInv}
rElec    +         Harm     .   (no cloak)
rCorr    .         Rampage  .   (no gloves)
MR       ++...     NoTele   +   (boots unavailable)
Stlth    +++.......             (no amulet)
HPRegen  0.27/turn              s - ring of poison resistance
MPRegen  0.24/turn              r - ring of protection from magic

@: no status effects
A: beak, talons 3, able to fly
a: Fly, Channel Magic, Forget Spell, Divine Exegesis, Renounce Religion, Evoke
Blink


You were in the Dungeon.
You worshipped Sif Muna.
Sif Muna was exalted by your worship.
You visited 1 branch You collected 1917 gold pieces.

Inventory:

Hand Weapons
 k - a +2 scimitar of flaming (weapon)
Armour
 q - a +2 hat of see invisible (worn)
 u - the +2 robe "Vusiskev" (worn) {+Blink rElec Slay+3 Stlth+}
   (You found it in the Dungeon)

   It affects your accuracy and damage with ranged weapons and melee attacks
   (+3).
   It insulates you from electricity.
   It lets you blink.
   It makes you more stealthy.
Jewellery
 l - a +3 ring of strength
 m - a +2 ring of evasion
 r - a ring of protection from magic (right hand)
 s - a ring of poison resistance (left hand)
 t - an uncursed ring of stealth
Wands
 j - a wand of acid (10)
Scrolls
 g - 6 scrolls of remove curse
 h - 3 scrolls of blinking
 i - a scroll of amnesia
 o - 3 scrolls of fear
 x - 2 scrolls of fog
 y - 2 scrolls of enchant armour
Potions
 a - 2 potions of brilliance
 b - a potion of invisibility
 c - 6 potions of curing
 d - 7 potions of heal wounds
 e - a potion of haste
 f - 4 potions of magic
 n - a potion of berserk rage
 p - a potion of ambrosia {unknown}
 v - a potion of resistance
 w - a potion of mutation


   Skills:
 - Level 15.6 Fighting
 - Level 15.5 Dodging
 - Level 2.0 Stealth
 + Level 15.9 Spellcasting
 - Level 23.2 Conjurations
 * Level 3.4 Necromancy
 * Level 12.1 Ice Magic
 - Level 23.3 Air Magic
 + Level 10.9 Invocations


You had 4 spell levels left.
You knew the following spells:

 Your Spells              Type           Power        Failure   Level
a - Lightning Bolt        Conj/Air       #######...   0%          5
b - Absolute Zero         Ice            ######....   100%        9
e - Ozocubu's Refrigerat  Ice            ######....   3%          6
o - Orb of Destruction    Conj           #######...   1%          7
v - Borgnjor's Vile Clut  Necr/Erth      ###.......   43%         5
x - Airstrike             Air            #######...   0%          4
R - Irradiate             Conj/Tmut      ######....   1%          5

Your spell library contained the following spells:

 Spells                   Type           Power        Failure   Level
 Magic Dart               Conj           ####         0%          1
 Shock                    Conj/Air       ####         0%          1
 Searing Ray              Conj           ######       0%          2
 Swiftness                Air            #######.     0%          2
 Static Discharge         Conj/Air       #######.     0%          3
 Foxfire                  Conj/Fire      ####         1%          1
 Freeze                   Ice            ####         1%          1
 Corpse Rot               Necr/Air       N/A          1%          2
 Ensorcelled Hibernation  Hex/Ice        #####.       1%          2
 Poisonous Vapours        Pois/Air       ######       1%          2
 Conjure Flame            Conj/Fire      ######..     1%          3
 Dazzling Flash           Conj/Hex       ######       1%          3
 Frozen Ramparts          Ice            ######       1%          3
 Mephitic Cloud           Conj/Pois/Air  ######..     1%          3
 Ozocubu's Armour         Ice            ######..     1%          3
 Stone Arrow              Conj/Erth      ######       1%          3
 Fulminant Prism          Conj/Hex       ######....   1%          4
 Hailstorm                Conj/Ice       ######..     1%          4
 Iskenderun's Mystic Bla  Conj/Tloc      ######..     1%          4
 Sticky Flame             Conj/Fire      ######..     1%          4
 Summon Lightning Spire   Summ/Air       ######..     1%          4
 Apportation              Tloc           ###...       3%          1
 Corona                   Hex            ###....      3%          1
 Summon Small Mammal      Summ           ###.         3%          1
 Ice Form                 Ice/Tmut       #####...     3%          4
 Summon Ice Beast         Ice/Summ       #####...     3%          4
 Call Imp                 Summ           ###.....     5%          2
 Slow                     Hex            ###.....     5%          2
 Call Canine Familiar     Summ           ###.....     11%         3
 Confusing Touch          Hex            ###.....     11%         3
 Ignite Poison            Fire/Tmut/Pois ###.....     11%         3
 Inner Flame              Hex/Fire       ###.....     11%         3
 Summon Guardian Golem    Hex/Summ       ###.....     11%         3
 Tukima's Dance           Hex            ###.....     11%         3
 Cause Fear               Hex            ###.......   34%         4
 Passage of Golubria      Tloc           N/A          34%         4
 Iskenderun's Battlesphe  Conj           #######.     0%          5
 Fireball                 Conj/Fire      ######....   1%          5
 Silence                  Hex/Air        ######....   1%          5
 Conjure Ball Lightning   Conj/Air       #######...   1%          6
 Freezing Cloud           Conj/Ice/Air   #######...   1%          6
 Chain Lightning          Conj/Air       #######...   1%          8
 Bolt of Magma            Conj/Fire/Erth #####.....   4%          5
 Iron Shot                Conj/Erth      ######....   4%          6
 Starburst                Conj/Fire      ######....   4%          6
 Metabolic Englaciation   Hex/Ice        #####.....   9%          5
 Simulacrum               Ice/Necr       #####.....   22%         6
 Tornado                  Air            #######...   24%         9
 Spellforged Servitor     Conj/Summ      ######....   26%         7
 Summon Demon             Summ           ###.......   69%         5
 Yara's Violent Unravell  Hex/Tmut       ###.......   69%         5
 Lehudib's Crystal Spear  Conj/Erth      ######....   89%         8
 Eringya's Noxious Bog    Tmut/Pois      ###.......   99%         6
 Hydra Form               Tmut           ###.......   99%         6
 Shadow Creatures         Summ           N/A          99%         6
 Dragon Form              Tmut           ###.......   100%        7
 Ignition                 Fire           ###.......   100%        8
 Dragon's Call            Summ           ###.......   100%        9
 Fire Storm               Conj/Fire      ######....   100%        9
 Shatter                  Erth           ###.......   100%        9


Dungeon Overview and Level Annotations

Branches:
Dungeon (1/1)

Altars:
Cheibriados
Dithmenos
Elyvilon
Fedhas
Gozag
Hepliaklqana
Kikubaaqudgha
Makhleb
Nemelex Xobeh
Okawaru
Qazlal
Ru
Sif Muna
Trog
Uskayaw
Vehumet
Wu Jian
Xom
Yredelemnul
Zin
The Shining One
Beogh
Jiyva
Lugonu

Shops:
D ?(==


Innate Abilities, Weirdness & Mutations

You have a beak for a mouth.
You have claws for feet.
You can fly continuously.


Message History

Aiming: Orb of Destruction (dangerous; 1% risk of failure)
Press: ? - help, Shift-Dir - straight line, f/p - orc knight
Aim: an orc knight, wielding a -3 war axe and wearing a +0 plate armour (almost dead)
A stone giant comes into view.
The orb of destruction hits the orc knight!!!
You blow up the orc knight!
Sif Muna accepts your kill.
The stone giant throws a large rock.
The large rock hits you!
Unknown command.
Unknown command.
Casting: Orb of Destruction (dangerous; 1% risk of failure)
Confirm with . or Enter, or press ? or * to list all spells.
Aiming: Orb of Destruction (dangerous; 1% risk of failure)
Press: ? - help, Shift-Dir - straight line, f - stone giant
Aim: a stone giant, quivering 2 large rocks The stone giant throws a large rock.
The large rock hits you!!!
Ouch! That really hurt!
Unknown command.
The stone giant throws a large rock.
The large rock hits you!!!
You die...

▓.▓.♣.♣.▓.▓.▓.▓.▓.
▓.▓.♣[♣.▓[▓.▓.▓.▓.
▓.▓.▓'▓.▓[▓.▓.▓.▓.
▓.▓.▓)▓.▓[▓.▓.▓.▓.
▓.▓.▓)▓.▓[▓.▓'▓.▓.
▓.▓.▓)▓.▓[▓.▓)▓.▓.
▓.▓.▓.▓.▓[▓.▓)▓.▓.
▓)▓.▓.▓.▓[▓.▓)▓.▓.
▓@▓.▓.▓.▓[▓.▓)▓.▓'
▓○▓.▓.▓.▓.▓.▓.▓.▓.
▓○▓.▓.▓.▓.▓.▓)▓.▓.
▓☼▓.▓.▓.▓.▓.▓.▓.▓.
▓☼▓.▓'▓.▓.▓.▓.▓.▓.
▓*▓.▓)▓.▓.▓.▓.▓.▓.
▓.▓.▓)▓.▓.▓.▓.▓.▓.
▓C▓.▓)▓.▓(▓)▓)▓.▓.
▓.▓.▓)▓.▓.▓.▓.▓.▓.


You could see a stone giant.

Vanquished Creatures
  Saint Roka (D)
  Gastronok (D)
  A thorn hunter (D)
  A nagaraja (D)
  A fire giant (D)
  Donald (D)
  2 vault wardens (D)
  An emperor scorpion (D)
  A very ugly thing (D)
  2 stone giants (D)
  A vampire knight (D)
  A merfolk javelineer (D)
  2 ettins (D)
  2 fire dragons (D)
  3 great orbs of eyes (D)
  8 ogre magi (D)
  2 boulder beetles (D)
  Erolcha (D)
  A naga warrior (D)
  A spriggan air mage (D)
  A death knight (D)
  3 merfolk aquamancers (D)
  A deep troll earth mage (D)
  A tengu warrior (D)
  A naga sharpshooter (D)
  An iron troll (D)
  A death drake (shapeshifter) (D)
  A sea snake (D)
  An unseen horror (D)
  2 glowing orange brains (D)
  3 lindwurms (D)
  A spriggan druid (D)
  3 swamp dragons (D)
  A naga ritualist (D)
  4 deep trolls (D)
  A mana viper (D)
  3 orc knights (D)
  2 orb spiders (D)
  2 orc sorcerers (D)
  A wolf spider (D)
  4 ugly things (D)
  A cyclops (D)
  2 black mambas (D)
  A vault sentinel (D)
  Psyche (D)
  A torpor snail (D)
  3 cane toads (D)
  A naga mage (D)
  5 yaktaurs (D)
  A tengu conjurer (D)
  6 trolls (D)
  2 demonic crawlers (D)
  2 merfolk (D)
  A meliai (shapeshifter) (D)
  A wind drake (D)
  2 hornets (D)
  A blink frog (shapeshifter) (D)
  A snapping turtle (D)
  3 tyrant leeches (D)
  A slime creature (D)
  A bog body (D)
  A blink frog (D)
  A wyvern (D)
  2 yaks (D)
  2 tarantellas (D)
  A basilisk (D)
  Grum (D)
  2 vampire mosquitoes (D)
  An insubstantial wisp (D)
  2 nagas (D)
  15 orc warriors (D)
  2 water moccasins (D)
  A sky beast (D)
  2 black bears (D)
  2 wolves (D)
  3 centaurs (D)
  A boggart (D)
  An ogre (D)
  8 bullfrogs (D)
  2 scorpions (D)
  A jelly (D)
  6 orc priests (D)
  An orc wizard (D)
  A worker ant (D)
  3 worms (D)
  2 leopard geckos (D)
  6 orcs (D)
  A bat zombie (D)
  A hobgoblin (D)
  A jackal (D)
  A kobold (D)
  A ball python zombie (D)
  A jackal zombie (D)
  A rat (D)
186 creatures vanquished.

Vanquished Creatures (others)
  2 blocks of ice (D)
2 creatures vanquished.

Grand Total: 188 creatures vanquished

Notes
Turn   | Place    | Note
-------+----------+-------------------------------------------
     0 | D        | sahdkjhfkaj the Tengu Air Elementalist began the quest for
                  | the Orb.
     0 | D        | Reached XP level 1. HP: 10/10 MP: 4/4
    13 | D        | Reached skill level 1 in Fighting
    14 | D        | Reached XP level 2. HP: 13/16 MP: 0/6
    71 | D        | Noticed a sky beast
    71 | D        | Noticed an ogre
    73 | D        | Reached skill level 5 in Air Magic
    74 | D        | Killed an ogre
    74 | D        | Reached XP level 3. HP: 23/23 MP: 5/9
    74 | D        | Reached XP level 4. HP: 28/28 MP: 5/10
    93 | D        | Killed a sky beast
    93 | D        | Gained mutation: You can fly continuously. [Tengu growth]
    93 | D        | Reached XP level 5. HP: 33/33 MP: 4/12
   163 | D        | Learned a level 5 spell: Lightning Bolt
   168 | D        | Learned a level 4 spell: Airstrike
   388 | D        | Found a roughly hewn altar of Beogh.
   388 | D        | Found a snail-covered altar of Cheibriados.
   388 | D        | Found a shadowy altar of Dithmenos.
   388 | D        | Found a white marble altar of Elyvilon.
   388 | D        | Found a blossoming altar of Fedhas.
   388 | D        | Found an opulent altar of Gozag.
   389 | D        | Found a hazy altar of Hepliaklqana.
   390 | D        | Found a viscous altar of Jiyva.
   391 | D        | Found an ancient bone altar of Kikubaaqudgha.
   392 | D        | Found a corrupted altar of Lugonu.
   393 | D        | Found a burning altar of Makhleb.
   394 | D        | Found a sparkling altar of Nemelex Xobeh.
   395 | D        | Found an iron altar of Okawaru.
   396 | D        | Found a stormy altar of Qazlal.
   399 | D        | Found a sacrificial altar of Ru.
   400 | D        | Found a shimmering blue altar of Sif Muna.
   401 | D        | Found a bloodstained altar of Trog.
   402 | D        | Found a hide-covered altar of Uskayaw.
   403 | D        | Found a radiant altar of Vehumet.
   404 | D        | Found an ornate altar of the Wu Jian Council.
   405 | D        | Found a shimmering altar of Xom.
   406 | D        | Found a basalt altar of Yredelemnul.
   407 | D        | Found a glowing silver altar of Zin.
   408 | D        | Became a worshipper of Sif Muna the Loreminder
   409 | D        | Found a glowing golden altar of the Shining One.
   437 | D        | Noticed a centaur
   437 | D        | Noticed a black bear
   437 | D        | Noticed a wyvern
   475 | D        | Reached XP level 6. HP: 31/39 MP: 0/14
   475 | D        | Reached * piety under Sif Muna
   475 | D        | Reached skill level 5 in Fighting
   475 | D        | Reached skill level 5 in Spellcasting
   475 | D        | Reached skill level 10 in Air Magic
   475 | D        | Killed a black bear
   475 | D        | Reached skill level 10 in Conjurations
   592 | D        | Killed a wyvern
   592 | D        | Reached XP level 7. HP: 46/46 MP: 3/17
   610 | D        | Reached ** piety under Sif Muna
   740 | D        | Noticed a troll
   740 | D        | Noticed a hornet
   740 | D        | Noticed a troll
   750 | D        | Killed a troll
   750 | D        | Reached XP level 8. HP: 23/52 MP: 7/19
   918 | D        | Killed a hornet
   957 | D        | Killed a troll
   957 | D        | Reached *** piety under Sif Muna
  1111 | D        | Noticed a black mamba
  1111 | D        | Noticed a yak
  1113 | D        | Killed a yak
  1114 | D        | Reached **** piety under Sif Muna
  1114 | D        | Reached XP level 9. HP: 59/59 MP: 4/21
  1114 | D        | Killed a black mamba
  1114 | D        | Reached skill level 15 in Air Magic
  1114 | D        | Noticed a cane toad
  1115 | D        | Noticed a cane toad
  1345 | D        | Reached skill level 15 in Conjurations
  1403 | D        | Killed a cane toad
  1403 | D        | Reached ***** piety under Sif Muna
  1403 | D        | Received a gift from Sif Muna
  1533 | D        | Killed a cane toad
  1679 | D        | Noticed a torpor snail
  1680 | D        | Reached XP level 10. HP: 66/66 MP: 7/23
  1793 | D        | Identified Sif Muna's Disquisition on Combat Magic (Sif
                  | Muna gifted it to you in the Dungeon)
  1793 | D        | Received a gift from Sif Muna
  1826 | D        | Learned a level 7 spell: Orb of Destruction
  1830 | D        | Killed a torpor snail
  1938 | D        | Noticed a lindwurm
  1938 | D        | Noticed a lindwurm
  1941 | D        | Killed a lindwurm
  1942 | D        | Killed a lindwurm
  1942 | D        | Reached skill level 10 in Fighting
  1942 | D        | Noticed a lindwurm
  2604 | D        | Killed a lindwurm
  2604 | D        | Identified Sif Muna's Papyrus of Conjuration and
                  | Weightlessness (Sif Muna gifted it to you in the Dungeon)
  2604 | D        | Received a gift from Sif Muna
  2829 | D        | Noticed Grum
  2833 | D        | Killed Grum
  2970 | D        | Reached skill level 10 in Spellcasting
  2970 | D        | Identified Sif Muna's Volume of Orientation and Beguiling
                  | (Sif Muna gifted it to you in the Dungeon)
  2970 | D        | Received a gift from Sif Muna
  3084 | D        | Reached XP level 11. HP: 73/73 MP: 14/26
  3559 | D        | Noticed an orc sorcerer
  3561 | D        | Killed an orc sorcerer
  3561 | D        | Reached ****** piety under Sif Muna
  3561 | D        | Identified Lehudib's Catalogue of Confrontation (Sif Muna
                  | gifted it to you in the Dungeon)
  3561 | D        | Received a gift from Sif Muna
  3564 | D        | Noticed an orc knight
  4115 | D        | Killed an orc knight
  4331 | D        | Noticed an orc knight
  4337 | D        | Killed an orc knight
  4337 | D        | Received a gift from Sif Muna
  4477 | D        | Found Hyhukez's Magic Scroll Emporium.
  4477 | D        | Noticed an ogre mage
  4477 | D        | Noticed an iron troll
  4477 | D        | Noticed a deep troll
  4478 | D        | Noticed an ogre mage
  4479 | D        | Noticed a deep troll
  4480 | D        | Killed an ogre mage
  4480 | D        | Killed a deep troll
  4486 | D        | Killed an iron troll
  4490 | D        | Noticed an ogre mage
  4491 | D        | Killed an ogre mage
  4491 | D        | Reached skill level 1 in Invocations
  4491 | D        | Killed a deep troll
  4493 | D        | Killed an ogre mage
  4493 | D        | Identified Sif Muna's Incunabulum of Calling and
                  | Confrontation (Sif Muna gifted it to you in the Dungeon)
  4493 | D        | Received a gift from Sif Muna
  4495 | D        | Noticed a deep troll
  4495 | D        | Noticed an ogre mage
  4767 | D        | Killed a deep troll
  4767 | D        | Reached XP level 12. HP: 81/81 MP: 7/28
  4876 | D        | Killed an ogre mage
  5133 | D        | Reached skill level 5 in Dodging
  5288 | D        | Found Bevaroek's Weapon Shoppe.
  5292 | D        | Found Waacinkure's Jewellery Emporium.
  5296 | D        | Found Kosit's Jewellery Shoppe.
  5346 | D        | Noticed Psyche
  5350 | D        | Killed Psyche
  5393 | D        | Noticed Gastronok
  5401 | D        | Killed Gastronok
  5543 | D        | Found the +12 glaive of Prune {vorpal}
  5570 | D        | Got the +2 robe "Vusiskev" {+Blink rElec Slay+3 Stlth+}
  5608 | D        | Noticed a tengu warrior
  5609 | D        | Identified Sif Muna's Handbook of Excruciating Ignition
                  | (Sif Muna gifted it to you in the Dungeon)
  5609 | D        | Received a gift from Sif Muna
  5613 | D        | Noticed an ettin
  5614 | D        | Killed a tengu warrior
  5614 | D        | Reached skill level 5 in Invocations
  7189 | D        | Killed an ettin
  7354 | D        | Noticed a fire dragon
  7409 | D        | Killed a fire dragon
  7561 | D        | Noticed an ettin
  7563 | D        | Killed an ettin
  7563 | D        | Identified Sif Muna's Collected Works on Battle Magic (Sif
                  | Muna gifted it to you in the Dungeon)
  7563 | D        | Received a gift from Sif Muna
  7571 | D        | Learned a level 5 spell: Irradiate
  7643 | D        | Noticed a white very ugly thing
  7871 | D        | Killed a purple very ugly thing
  8180 | D        | Noticed a great orb of eyes
  8195 | D        | Killed a great orb of eyes
  8195 | D        | Reached XP level 13. HP: 88/88 MP: 14/31
  8667 | D        | Noticed Saint Roka
 12386 | D        | Identified Qawkeori's Catalogue of Scorching Ice (Sif Muna
                  | gifted it to you in the Dungeon)
 12386 | D        | Received a gift from Sif Muna
 12398 | D        | Learned a level 9 spell: Absolute Zero
 12431 | D        | Reached skill level 1 in Ice Magic
 12512 | D        | Killed Saint Roka
 12551 | D        | Noticed Erolcha
 12553 | D        | Killed Erolcha
 12557 | D        | Noticed Donald
 12559 | D        | Killed Donald
 12559 | D        | Reached skill level 10 in Dodging
 12705 | D        | Noticed a thorn hunter
 12709 | D        | Received a gift from Sif Muna
 12709 | D        | Reached skill level 5 in Ice Magic
 12710 | D        | Killed a thorn hunter
 12802 | D        | Learned a level 6 spell: Ozocubu's Refrigeration
 12856 | D        | Noticed a merfolk javelineer
 12861 | D        | Received a gift from Sif Muna
 12873 | D        | Killed a merfolk javelineer
 12986 | D        | Identified Zeti's Compendium of Feathery Confrontation (Sif
                  | Muna gifted it to you in the Dungeon)
 12986 | D        | Received a gift from Sif Muna
 13361 | D        | Noticed a nagaraja
 13365 | D        | Reached XP level 14. HP: 87/96 MP: 17/33
 13366 | D        | Killed a nagaraja
 13382 | D        | Identified Lehudib's Disquisition on Battle Magic (Sif Muna
                  | gifted it to you in the Dungeon)
 13382 | D        | Received a gift from Sif Muna
 13595 | D        | Paralysed by a hornet for 2 turns
 13599 | D        | Reached skill level 15 in Spellcasting
 13728 | D        | Identified Sif Muna's Incunabulum of Supportive
                  | Transmutation (Sif Muna gifted it to you in the Dungeon)
 13728 | D        | Received a gift from Sif Muna
 14173 | D        | Noticed an emperor scorpion
 14185 | D        | Killed an emperor scorpion
 14283 | D        | Noticed a vampire knight
 14290 | D        | Killed a vampire knight
 14300 | D        | Received a gift from Sif Muna
 14333 | D        | Reached skill level 15 in Fighting
 14333 | D        | Reached skill level 10 in Ice Magic
 14450 | D        | Noticed a stone giant
 14452 | D        | Killed a stone giant
 14476 | D        | Reached skill level 10 in Invocations
 14631 | D        | Received a gift from Sif Muna
 14668 | D        | Noticed a stone giant
 14682 | D        | Killed a stone giant
 14834 | D        | Noticed a fire giant
 14840 | D        | Killed a fire giant
 14946 | D        | Noticed a vault warden
 14951 | D        | Reached skill level 15 in Dodging
 14956 | D        | Noticed a vault warden
 15016 | D        | Received a gift from Sif Muna
 15020 | D        | Killed a vault warden
 15023 | D        | Killed a vault warden
 15023 | D        | Reached XP level 15. HP: 103/103 MP: 3/35
 15162 | D        | Received a gift from Sif Muna
 15174 | D        | Learned a level 5 spell: Borgnjor's Vile Clutch
 15244 | D        | Reached skill level 1 in Necromancy
 15483 | D        | Hit by a large rock thrown by a stone giant

Illustrated notes

Levels and vault maps discovered:
D:        linesprint [early_d, line_temple, items_1, d_10, items_2, lair_1,
          lair_end, items_3, orc_1, orc_end, items_4, d_15, swamp_1, shoals_1,
          snake_1, spider_1, d_20, vaults_1, items_5, swamp_end, shoals_end,
          snake_end, spider_end, vaults_end, d_27, items_6, zot_1, zot_end,
          crypt_end, forest_end, elf_end, slime_end, tomb_end, abyss_end,
          pan_hell_end]

Skill      XL: |  1  2  3  4  5  6  7  8  9 10 11 12 13 14 15 |
---------------+----------------------------------------------+-----
Conjurations   | 3 6 8 9 11 12 14 16 18 20 21 22 23 | 23.2
Fighting       | 1 3 4 6 8 9 10 12 13 14 15 | 15.6
Air Magic      | 7 9 11 13 14 16 18 20 21 22 23 | 23.3
Spellcasting   | 3 4 6 7 8 10 11 13 14 15 | 15.9
Dodging        | 4 8 12 15 | 15.5
Invocations    | 2 6 8 10 | 10.9
Ice Magic      | 7 11 12 | 12.1
Necromancy     | 3 |  3.4
Stealth        | |  2.0

Action                   |  1- 3 |  4- 6 |  7- 9 | 10-12 | 13-15 || total
-------------------------+-------+-------+-------+-------+-------++-------
Melee: Unarmed           |     6 |     5 |       |       |       ||    11
       Kick              |     3 |     2 |     2 |     1 |     2 ||    10
       Peck              |     1 |     1 |       |     2 |     2 ||     6
       Scimitar          |       |       |     3 |    10 |    10 ||    23
 Cast: Shock             |     4 |    10 |       |       |       ||    14
       Lightning Bolt    |       |     1 |    18 |    85 |    94 ||   198
       Airstrike         |       |     2 |     6 |    18 |    25 ||    51
       Orb of Destructio |       |       |       |    20 |    10 ||    30
       Irradiate         |       |       |       |     1 |     8 ||     9
       Ozocubu's Refrige |       |       |       |       |     5 ||     5
       Absolute Zero     |       |       |       |       |     2 ||     2
Invok: Channel Magic     |       |       |       |     1 |     7 ||     8
       Divine Exegesis   |       |       |       |       |     2 ||     2
 Abil: Fly               |       |     1 |       |       |       ||     1
       Stop Flying       |       |       |       |       |     1 ||     1
  Use: Potion            |       |     1 |       |       |     4 ||     5
       Scroll            |       |       |       |     1 |       ||     1
Armor: Robe              |     1 |     2 |     1 |       |     5 ||     9
Dodge: Dodged            |     7 |     5 |    17 |    31 |    58 ||   118
       Rpst.: Scimitar   |       |     1 |     4 |     4 |    10 ||    19

Table legend: (Time is in decaauts) A = Elapsed time spent in this place. B = Non-inter-level travel time spent in this place. C = Inter-level travel time spent in this place. D = Time resting spent in this place. E = Time spent auto-exploring this place. F = Levels seen in this place. G = Mean time per level. A B C D E F G +--------+--------+--------+--------+--------+-----+--------+ Total | 15251 | 15251 | 0 | 8859 | 4475 | 1 | 15251.0 | Dungeon | 15251 | 15251 | 0 | 8859 | 4475 | 1 | 15251.0 | +--------+--------+--------+--------+--------+-----+--------+

Top non-repeatable levels by time:
       D: 15251 daAuts
